 Dungeon Crawl Stone Soup version 0.28.0-62-gf88900778d (webtiles) character file.

Game seed: 13183995340121643715

35 cbfl8 the Skirmisher (level 3, 0/29 HPs)
             Began as a Demonspawn Fighter on Oct 6, 2023.
             Succumbed to an adder's poison
             ... on level 2 of the Dungeon.
             The game lasted 00:01:16 (1084 turns).

cbfl8 the Skirmisher (Demonspawn Fighter)           Turns: 1084, Time: 00:01:16

Health: 0/29       AC:  6    Str: 16    XL:     3   Next: 16%
Magic:  3/3        EV:  8    Int:  9    God:
Gold:   16         SH:  5    Dex: 14    Spells: 2/2 levels left

rFire   . . .      SeeInvis .   a - +0 war axe
rCold   . . .      Faith    .   c - +0 buckler
rNeg    + . .      Spirit   .   b - +0 scale mail
rPois   .          Reflect  .   (helmet restricted)
rElec   .          Harm     .   (no cloak)
rCorr   .          Rampage  .   (no gloves)
Will    .....                   (no boots)
Stlth   ..........              (no amulet)
HPRegen 0.09/turn               f - ring of positive energy
MPRegen 0.08/turn               (no ring)

@: mighty, lethally poisoned (0 -> -1)
A: horns 1, demonic magic 1
a: no special abilities


You were on level 2 of the Dungeon.
You visited 1 branch of the dungeon, and saw 2 of its levels.

You collected 48 gold pieces.
You spent 32 gold pieces at shops.

Inventory:

Hand Weapons
 a - a +0 war axe (weapon)
Armour
 b - a +0 scale mail (worn)
 c - a +0 buckler (worn)
Jewellery
 f - a ring of positive energy (left hand)
Scrolls
 e - 2 scrolls of magic mapping
 g - a scroll of identify
 h - a scroll of enchant armour


   Skills:
 + Level 3.1 Fighting
 + Level 2.5 Axes
 + Level 3.0 Armour
 + Level 0.2 Dodging
 + Level 3.0 Shields


You had 2 spell levels left.
You didn't know any spells.
Your spell library contained the following spells:

 Spells                   Type           Power      Damage    Failure   Level
 Dazzling Flash           Conj/Hex       0%         N/A       99%         3
 Iskenderun's Mystic Bla  Conj/Tloc      0%         2d3       100%        4
 Starburst                Conj/Fire      0%         6d3       100%        6


Dungeon Overview and Level Annotations

Branches:
Dungeon (2/15)

Altars:

Shops:
D:1 *


Innate Abilities, Weirdness & Mutations

You have a pair of small horns on your head.
Spells you cast may paralyse adjacent enemies.


Message History

You hit the adder.
The adder is moderately wounded.
* * * LOW HITPOINT WARNING * * *
You feel sick. The adder barely misses you.
The adder bites you but does no damage.
f - a ring of positive energy (left hand)
* * * LOW HITPOINT WARNING * * *
You feel sick. The adder bites you but does no damage.
You slash the adder!
You kill the adder!
* * * LOW HITPOINT WARNING * * *
You feel sick.
Your Armour skill increases to level 3!
Your Shields skill increases to level 3!
You have reached level 3!
Your experience leads to an increase in your attributes!
Increase (S)trength, (I)ntelligence, or (D)exterity?
You feel agile. x2
You feel monstrous as your demonic heritage exerts itself.
Your demonic ancestry asserts itself...
A pair of horns grows on your head!
There is a lethal amount of poison in your body!
There is a lethal amount of poison in your body!
You feel very mighty all of a sudden.
* * * LOW HITPOINT WARNING * * *
You feel sick.
Unknown command.
Unknown command.
As you read the scroll labelled ASKEN KOAMAED, it crumbles to dust.
You feel aware of your surroundings.
You sensed 1 altar.
It was a scroll of magic mapping.
* * * LOW HITPOINT WARNING * * *
You feel sick.
As you read the scroll labelled REFIUXOUCO, it crumbles to dust.
It is a scroll of identify.
h - a scroll of enchant armour
* * * LOW HITPOINT WARNING * * *
You feel sick.
There is a lethal amount of poison in your body!
You die...

#.#############.# #.# ##'#####
#.# #......# #.#
#......###********* ##'####
#.........,,*,,,,,, ......#
#.........,,*,,,,,, ......#
#.........,,*,,,,,, ......##
#######'####...,,*,,,,,, ......<#
#.....?@...+...,,+,,,,,, .......#
#.#####.####,..,,*,,,,,, .......#
*,* #.# *,,,,,*,,,,,,
......##**+****#.# *******,,,,,,
......#,,,,,,,,#.#*********,,,,,,
#######,,,>,,,,+..,,,,,,,,,,,,,,,
*******,,,,,,,,###***************
*,,,,,,,,,,,,,,* *,,,,,,,********


There were no monsters in sight!

Vanquished Creatures
  An adder (D:2)
  2 dart slugs (D:1)
  A ball python (D:1)
  2 bats (D:1)
  A giant cockroach (D:1)
  3 goblins (D:1)
  3 hobgoblins (D:1)
  3 kobolds (D:1)
  2 frilled lizards (D:1)
  A rat (D:1)
19 creatures vanquished.

Notes
Turn   | Place    | Note
-------+----------+-------------------------------------------
     0 | D:1      | cbfl8 the Demonspawn Fighter began the quest for the Orb.
     0 | D:1      | Reached XP level 1. HP: 18/18 MP: 1/1
   242 | D:1      | Gained mutation: Spells you cast may paralyse adjacent
                  | enemies. [demonic ancestry]
   242 | D:1      | Reached XP level 2. HP: 23/24 MP: 2/2
   501 | D:1      | Found Baolia Liax's Assorted Antiques.
   509 | D:1      | Bought a scroll labelled REFIUXOUCO for 32 gold pieces
  1081 | D:2      | Discovered your monstrous ancestry.
  1081 | D:2      | Gained mutation: You have a pair of small horns on your
                  | head. [demonic ancestry]
  1081 | D:2      | Reached XP level 3. HP: 4/29 MP: 3/3
  1083 | D:2      | HP: 1/29 [poisoned by an adder]
  1084 | D:2      | Succumbed to an adder's poison

Illustrated notes

Levels and vault maps discovered:
D:1:      nzn_arrival_settlement, layout_loops_corners, serial_shops, shop,
          st_stairs_8
D:2:      layout_basic, nicolae_ecumenical_snake_handling,
          grunt_decor_arrowhead, glass_columns_a,
          wander_ebering_terrifying_dragon_lair, uniq_jessica

Skill      XL: |  1  2 |
---------------+-------+-----
Axes           | 2 |  2.5
Armour         | 3 |  3.0
Shields        | 3 |  3.0
Fighting       | |  3.1
Dodging        | |  0.2

Action                   || total
-------------------------++-------
Melee: War axe           ||    74
  Use: Scroll            ||     2
       Potion            ||     1
Armor: Scale mail        ||    48
Dodge: Dodged            ||    33
Block: Buckler           ||    13
